 Dungeon Crawl Stone Soup version 0.21.1-1-g345015f (webtiles) character file.

18399 Kagorn the Covert (level 12, -9/94 HPs)
             Began as a Human Berserker on June 10, 2018.
             Was a High Priest of Trog.
             Mangled by an orc warrior
             ... wielding a +0 glaive
              (20 damage)
             ... on level 1 of the Orcish Mines.
             The game lasted 01:48:07 (11029 turns).

Kagorn the Covert (Human Berserker)                Turns: 11029, Time: 01:48:31

Health: -9/94      AC: 19    Str: 18    XL:     12   Next: 94%
Magic:  5/5        EV: 21    Int:  8    God:    Trog [*****.]
Gold:   811        SH:  0    Dex: 23    Spells: 11/11 levels left

rFire    . . .     SeeInvis +   c - +7 mace of Shame {antimagic, +Blink Dex+6}
rCold    . . .     Gourm    .   (no shield)
rNeg     . . .     Faith    .   O - +5 ring mail of Summer {rElec SInv Stlth+}
rPois    +         Spirit   .   j - +0 helmet of the Bruised Ghosts {rElec rPois Slay+2 SInv}
rElec    +         Reflect  +   x - +2 cloak
rCorr    +         Harm     .   f - +0 pair of gloves
MR       ++...                  b - +1 pair of boots
Stlth    ++........             t - +5 amulet of reflection
HPRegen  1.25/turn              i - +4 ring of evasion
MPRegen  0.09/turn              e - ring of resist corrosion

@: confused, about to teleport, regenerating, drained
A: no striking features
a: Berserk, Trog's Hand, Brothers in Arms, Burn Spellbooks, Renounce Religion,
Evoke Blink


You were on level 1 of the Orcish Mines.
You worshipped Trog.
Trog was extremely pleased with you.
You were not hungry.

You visited 3 branches of the dungeon, and saw 13 of its levels.
You also visited: Sewer and Ossuary.

You collected 811 gold pieces.

Inventory:

Hand Weapons
 a - a +1 dagger of holy wrath
 c - the +7 mace of Shame (weapon) {antimagic, +Blink Dex+6}
   (You found it on level 4 of the Dungeon)

   It reduces the magical energy of the wielder, and disrupts the spells and
   magical abilities of those hit.
   Natural abilities and divine invocations are not affected.
   It affects your dexterity (+6).
   It lets you blink.
 p - a +2 quarterstaff of chaos {i}
 E - a +4 battleaxe
Missiles
 u - 3 poisoned tomahawks (quivered)
Armour
 b - a +1 pair of boots (worn)
 d - a +0 troll leather armour
 f - a +0 pair of gloves (worn)
 j - the +0 helmet of the Bruised Ghosts (worn) {rElec rPois Slay+2 SInv}
   (You took it off Robin on level 2 of the Dungeon)

   It affects your accuracy and damage with ranged weapons and melee attacks
   (+2).
   It insulates you from electricity.
   It protects you from poison.
   It lets you see invisible.
 x - a +2 cloak (worn)
 O - the +5 ring mail of Summer (worn) {rElec SInv Stlth+}
   (You found it on level 8 of the Dungeon)

   It insulates you from electricity.
   It lets you see invisible.
   It makes you more stealthy.
 U - a +0 troll leather armour
Jewellery
 e - a ring of resist corrosion (right hand)
 i - a +4 ring of evasion (left hand)
 t - a +5 amulet of reflection (around neck)
 w - a +3 ring of protection {unknown}
 y - an uncursed amulet of guardian spirit {unknown}
 z - an uncursed ring of ice {unknown}
 A - an uncursed ring of stealth {unknown}
 I - an uncursed ring of poison resistance {unknown}
Wands
 n - a wand of iceblast (11)
 o - a wand of flame (16)
 s - a wand of acid (8)
Scrolls
 k - 4 scrolls of magic mapping
 l - 4 scrolls of teleportation
 M - a scroll of fog
Potions
 m - 6 potions of flight
 q - a potion of agility
 B - a potion of invisibility
 D - 3 potions of lignification
 L - a potion of experience
 P - a potion of berserk rage
Books
 S - a book of Minor Magic

   Spells                             Type                      Level
   a - Magic Dart                     Conjuration                  1
   b - Blink                          Translocation                2
   c - Call Imp                       Summoning                    2
   d - Slow                           Hexes                        2
   e - Conjure Flame                  Conjuration/Fire             3
   f - Mephitic Cloud                 Conjuration/Poison/Air       3
   Trog disapproves of the use of such an item.
Comestibles
 F - a ration


   Skills:
 + Level 8.7(7.7) Fighting
 - Level 3.5(2.7) Short Blades
 - Level 5.0(6.4) Axes
 * Level 8.4(8.1) Maces & Flails
 + Level 8.3(7.3) Armour
 + Level 8.3(7.4) Dodging
 + Level 9.4(8.4) Stealth
 + Level 6.9(6.0) Evocations


You had 11 spell levels left.
You didn't know any spells.

Dungeon Overview and Level Annotations

Branches:
Dungeon (10/15)            Temple (0/1) D:5            Lair (1/6) D:10
    Orc (2/2) D:10
    Elf: Orc:2

Altars:
Cheibriados
Qazlal
Uskayaw
Wu Jian
Beogh

Shops:
D:5 (   Orc:2 (

Annotations:
D:2 Jessica
Lair:1 Gastronok
Orc:1 1 transporter
Orc:2 Josephine


Message History

* * * LOW HITPOINT WARNING * * *
You block the gnoll's attack. The gnoll hits you but does no damage.
The gnoll misses you. The warg barely misses you.
The ogre completely misses you.
You are confused.
You feel invigorated. The gnoll completely misses you.
The orc knight barely misses you. The orc warrior closely misses you.
The gnoll completely misses you. The gnoll closely misses you.
The warg completely misses you. The gnoll barely misses you.
The ogre closely misses you.
You're too confused!
There are monsters nearby!
You sock the gnoll!
The gnoll is severely wounded.
The gnoll misses you. The warg bites you.
* * * LOW HITPOINT WARNING * * *
The ogre completely misses you. The orc knight completely misses you.
The gnoll barely misses you. The gnoll completely misses you.
The orc warrior hits you from afar with a glaive!!
You die...

............#...
................
................
................
......o.........
.....oogo......#
.o.oh..##.gggO..#....
#.........ho@Oo..# .
...........ghg...# ..
......#....O..$#....
...#.........##...#
#..........#.....
###...............
##.#...............
#..................
##....###......#..#.
##


You could see an orc knight, 2 wargs, 3 orc warriors, 3 ogres, an orc wizard, 6
gnolls and an orc.

Vanquished Creatures
  4 two-headed ogres
  An orc high priest (Orc:2)
  The ghost of Kagorn the Shield-Bearer, a novice HuFi (D:7)
  An ugly thing (D:9)
  A spiny frog (Lair:1)
  A komodo dragon (D:10)
  3 trolls
  Grinder (D:6)
  Prince Ribbit (D:5)
  A hippogriff (D:9)
  Sigmund (D:4)
  2 wraiths
  A wyvern (D:10)
  5 yaks (D:10)
  A warg (Orc:2)
  7 orc warriors
  4 sky beasts
  2 phantoms
  3 ogres
  The ghost of Bnni the Grasshopper, an amateur GnWr of Gozag (D:3)
  3 centaurs
  An ice beast (D:9)
  A crocodile (D:8)
  A big kobold (Sewer)
  4 bullfrogs
  3 water moccasin zombies (Ossuary)
  2 scorpions
  8 wights
  5 killer bees (D:9)
  4 howler monkeys
  5 crimson imps
  A jelly (D:2)
  2 quasits
  2 bullfrog zombies (D:5)
  9 orc priests
  4 hounds
  16 orc wizards
  Crazy Yiuf (D:4)
  Ijyb (D:4)
  5 iguanas
  8 worker ants
  A big kobold zombie (Ossuary)
  A hound zombie (D:10)
  A hound skeleton (D:9)
  3 mummies
  A howler monkey zombie (D:8)
  A worker ant zombie (D:8)
  Robin (D:2)
  8 adders
  4 gnolls
  6 river rats
  A shadow imp (D:10)
  5 adder zombies (Ossuary)
  An adder skeleton (D:5)
  3 worms
  A dart slug (D:1)
  6 leopard geckos
  43 orcs
  7 giant cockroaches
  A gnoll zombie (Ossuary)
  14 goblins
  8 hobgoblins
  4 jackals
  4 quokkas
  3 ball pythons (D:1)
  5 bats
  A frilled lizard (D:1)
  A goblin zombie (D:6)
  7 hobgoblin zombies
  A jackal skeleton (D:3)
  8 kobolds
  3 kobold zombies (Ossuary)
  A leopard gecko zombie (D:8)
  5 orc zombies (Ossuary)
  A quokka skeleton (D:6)
  2 quokka zombies (D:9)
  12 rats
303 creatures vanquished.

Vanquished Creatures (collateral kills)
  2 wraiths (Orc:2)
  An orc warrior (Orc:2)
  An ogre (Orc:2)
4 creatures vanquished.

Vanquished Creatures (others)
  A fungus (Orc:2)
  A plant (D:10)
2 creatures vanquished.

Grand Total: 309 creatures vanquished

Notes
Turn   | Place    | Note
-------+----------+-------------------------------------------
     0 | D:1      | Kagorn the Human Berserker began the quest for the Orb.
     0 | D:1      | Reached XP level 1. HP: 18/18 MP: 1/1
   123 | D:1      | Reached XP level 2. HP: 12/24 MP: 2/2
   541 | D:1      | Reached XP level 3. HP: 19/29 MP: 3/3
   615 | D:1      | Reached ** piety under Trog
   908 | D:2      | Reached skill level 1 in Stealth
   908 | D:2      | Reached XP level 4. HP: 11/35 MP: 4/4
  1145 | D:2      | Found an ornate altar of the Wu Jian Council.
  1147 | D:2      | Found a stormy altar of Qazlal.
  1147 | D:2      | Noticed Jessica
  1296 | D:2      | Noticed Robin
  1329 | D:2      | Killed Robin
  1329 | D:2      | Reached XP level 5. HP: 16/42 MP: 5/5
  1333 | D:2      | Got an ancient helmet
  1339 | D:2      | Identified the cursed +0 helmet of the Bruised Ghosts {rElec rPois Slay+2 SInv} (You took it off Robin on level 2 of the Dungeon)
  1806 | D:3      | Noticed Bnni's ghost (amateur GnWr)
  1826 | D:3      | Killed Bnni's ghost
  1826 | D:3      | Reached skill level 1 in Axes
  1826 | D:3      | Reached skill level 2 in Stealth
  1887 | D:3      | Reached XP level 6. HP: 34/48 MP: 6/6
  2207 | D:3      | Found a glowing drain.
  2215 | Sewer    | Entered a sewer
  2304 | Sewer    | Reached *** piety under Trog
  2332 | Sewer    | Found a glowing silver altar of Zin.
  2417 | D:3      | Reached XP level 7. HP: 40/54 MP: 7/7
  2753 | D:4      | Reached skill level 3 in Stealth
  3272 | D:4      | Reached XP level 8. HP: 59/61 MP: 8/8
  3485 | D:4      | Noticed Ijyb
  3506 | D:4      | Killed Ijyb
  3768 | D:4      | Noticed Sigmund
  3777 | D:4      | Killed Sigmund
  3777 | D:4      | Reached skill level 5 in Fighting
  3853 | D:4      | Found a runed door.
  3860 | D:4      | Noticed Crazy Yiuf
  3867 | D:4      | Killed Crazy Yiuf
  3873 | D:4      | Got a jewelled mace
  3892 | D:4      | Identified the +7 mace of Shame {antimagic, +Blink Dex+6} (You found it on level 4 of the Dungeon)
  4057 | D:4      | Reached skill level 4 in Stealth
  4277 | D:5      | Entered Level 5 of the Dungeon
  4516 | D:5      | Reached skill level 1 in Maces & Flails
  4526 | D:5      | Reached skill level 1 in Evocations
  4530 | D:5      | Reached XP level 9. HP: 68/68 MP: 3/9
  4531 | D:5      | Found Jemaf's Weapon Shop.
  4599 | D:5      | Found a snail-covered altar of Cheibriados.
  4606 | D:5      | Found a staircase to the Ecumenical Temple.
  4786 | D:5      | Noticed Prince Ribbit
  4823 | D:5      | Killed Prince Ribbit
  4823 | D:5      | Reached **** piety under Trog
  4823 | D:5      | Reached skill level 5 in Dodging
  4944 | D:5      | Reached skill level 5 in Armour
  5525 | D:6      | Reached skill level 5 in Stealth
  5667 | D:6      | Noticed Grinder
  5690 | D:6      | Paralysed by Grinder for 6 turns
  5699 | D:6      | Killed Grinder
  5813 | D:6      | Found a sand-covered staircase.
  5822 | Ossuary  | Entered an ossuary
  6326 | D:7      | Noticed Kagorn's ghost (novice HuFi)
  6367 | D:7      | Killed Kagorn's ghost
  6367 | D:7      | Reached XP level 10. HP: 52/77 MP: 4/12
  6431 | D:7      | Noticed a hand axe
  6432 | D:7      | Noticed a hand axe
  6459 | D:7      | Found a hide-covered altar of Uskayaw.
  6526 | D:7      | Reached skill level 6 in Stealth
  6913 | D:8      | Noticed a two-headed ogre
  6924 | D:8      | HP: 2/77 [two-headed ogre/great mace (15)]
  6927 | D:8      | Killed a two-headed ogre
  7008 | D:8      | Got a jewelled ring mail
  7009 | D:8      | Identified the +5 ring mail of Peuma {rElec Str+2 Dex-4} (You found it on level 8 of the Dungeon)
  7172 | D:8      | Got an opal-encrusted ring mail
  7194 | D:8      | Reached ***** piety under Trog
  7437 | D:8      | Identified the +5 ring mail of Summer {rElec SInv Stlth+} (You found it on level 8 of the Dungeon)
  7712 | D:9      | Reached skill level 5 in Axes
  8136 | D:9      | Reached XP level 11. HP: 69/84 MP: 4/14
  8327 | D:9      | Noticed a white ugly thing
  8344 | D:9      | HP: 3/84 [white ugly thing (22)]
  8348 | D:9      | Killed a white ugly thing
  8348 | D:9      | Reached skill level 5 in Maces & Flails
  8348 | D:9      | Reached skill level 5 in Evocations
  8352 | D:9      | Reached skill level 7 in Stealth
  9008 | D:9      | Reached skill level 8 in Stealth
  9008 | D:9      | Reached XP level 12. HP: 92/92 MP: 4/16
  9013 | D:10     | Entered Level 10 of the Dungeon
  9074 | D:10     | Found a staircase to the Lair.
  9109 | Lair:1   | Entered Level 1 of the Lair of Beasts
  9188 | Lair:1   | Noticed Gastronok
  9518 | D:10     | Noticed a two-headed ogre
  9529 | D:10     | Killed a two-headed ogre
  9547 | D:10     | Noticed a two-headed ogre
  9564 | D:10     | Killed a two-headed ogre
  9564 | D:10     | Reached skill level 9 in Stealth
  9603 | D:10     | Found a staircase to the Orcish Mines.
  9929 | D:10     | Noticed a two-headed ogre
  9939 | D:10     | Killed a two-headed ogre
 10245 | D:10     | Found a roughly hewn altar of Beogh.
 10526 | Orc:1    | Entered Level 1 of the Orcish Mines
 10800 | Orc:1    | Found a transporter.
 10927 | Orc:2    | Entered Level 2 of the Orcish Mines
 10927 | Orc:2    | Found Asseikh's Weapon Shop.
 10983 | Orc:2    | Noticed Josephine
 10986 | Orc:2    | Noticed an orc high priest
 10997 | Orc:2    | Killed an orc high priest
 11025 | Orc:1    | HP: 2/94 [warg[an orc knight] (8)]
 11029 | Orc:1    | Mangled by an orc warrior

Skill      XL: |  1  2  3  4  5  6  7  8  9 10 11 12 |
---------------+-------------------------------------+-----
Stealth        | 1 2 3 4 5 6 8 9 |  9.4
Axes           | 1 2 3 4 5 |  5.0
Dodging        | 3 4 5 6 7 8 |  8.3
Fighting       | 4 5 6 7 8 |  8.7
Armour         | 3 4 5 6 7 8 |  8.3
Maces & Flails | 1 3 4 7 8 |  8.4
Evocations     | 1 3 4 6 |  6.9
Short Blades   | |  3.5

Action                   |  1- 3 |  4- 6 |  7- 9 | 10-12 || total
-------------------------+-------+-------+-------+-------++-------
Melee: Short sword       |   118 |     2 |       |       ||   120
       Broad axe         |       |   175 |   136 |       ||   311
       Mace              |       |       |   290 |   513 ||   803
Invok: Trog's Hand       |       |     2 |     3 |     6 ||    11
       Berserk           |       |     2 |     3 |     5 ||    10
       Brothers in Arms  |       |       |       |     1 ||     1
 Abil: Evoke Blink       |       |       |       |     2 ||     2
Evoke: Wand              |       |       |       |     2 ||     2
  Use: Scroll            |     3 |     1 |    11 |    10 ||    25
       Potion            |     2 |       |     3 |    13 ||    18
 Stab: Sleeping          |       |     1 |     1 |    12 ||    14
  Eat: Ration            |       |     3 |     3 |     6 ||    12
       Chunk             |       |       |     4 |     6 ||    10
Armor: Leather armour    |    59 |    61 |    12 |       ||   132
       Chain mail        |       |       |   169 |    17 ||   186
       Ring mail         |       |       |       |   140 ||   140
Dodge: Dodged            |   111 |   204 |   361 |   599 ||  1275
Block: Other             |       |       |    19 |   142 ||   161
       Reflection        |       |       |       |     2 ||     2
